[ AOE2 MATCH · #505136077 ]
UnrankedVietnamese vs Magyars
[ REPLAY ANALYSIS · EXTRACTED FROM THE RECORDED GAME ]
Feudal
9:30
Castle
24:48
Imperial
—
| APM avg | 52.9 |
| APM peak | 99 |
| eAPM avg | 23.1 |
| Villagers / military | 86 / 108 |
Focus
⚔️ 29.1% · 🌾 70.9%
Archer ×101 · Spearman ×4 · Skirmisher ×3
Feudal
9:30
Castle
27:30
Imperial
—
| APM avg | 33.1 |
| APM peak | 65 |
| eAPM avg | 15.3 |
| Villagers / military | 78 / 82 |
Focus
⚔️ 38.6% · 🌾 61.4%
Scout Cavalry ×41 · Knight ×29 · Spearman ×6 · Battering Ram ×4 · Scorpion ×2
Feudal
8:59
Castle
23:59
Imperial
—
| APM avg | 49.1 |
| APM peak | 82 |
| eAPM avg | 22.9 |
| Villagers / military | 107 / 138 |
Focus
⚔️ 31.9% · 🌾 68.1%
Cavalry Archer ×124 · Scout Cavalry ×12 · Spearman ×2
Feudal
9:22
Castle
24:04
Imperial
—
| APM avg | 39.9 |
| APM peak | 76 |
| eAPM avg | 17.5 |
| Villagers / military | 112 / 76 |
Focus
⚔️ 28.1% · 🌾 71.9%
Knight ×52 · Scout Cavalry ×22 · Monk ×2
Feudal
9:15
Castle
21:17
Imperial
—
| APM avg | 46.6 |
| APM peak | 100 |
| eAPM avg | 22.9 |
| Villagers / military | 113 / 98 |
Focus
⚔️ 30.7% · 🌾 69.3%
Knight ×85 · Scout Cavalry ×9 · Monk ×4
Feudal
9:19
Castle
22:46
Imperial
—
| APM avg | 52.8 |
| APM peak | 92 |
| eAPM avg | 23.8 |
| Villagers / military | 101 / 106 |
Focus
⚔️ 26.7% · 🌾 73.3%
Archer ×103 · Longbowman ×2 · Militia ×1
Match map
Initial resources + every placement click. Lines = walls · curves = elevation contours. ◆ gold · ⬟ stone · ● berries · ✦ relic · ◌ wall gap
Your base· Open — 6t gap
LMG_Leonardo's base· ✓ Closed at 27:30 · 67t walls · 1 gate(s)
Yukasha's base· Open — 1t gap
LMG_SON SABANDIJAS's base· ✓ Closed at 24:04 · 59t walls · 1 gate(s)
Slowthinker's base· ✓ Closed at 21:17 · 48t walls · no gate
GorillaBear's base· ✓ Closed at 22:46 · 53t walls · no gate
Smoothed initial terrain · ◌ = detected wall gap · hover for details
Inputs per minute
— LMG_HERA DE TEMU - - LMG_Leonardo
Build order — LMG_HERA DE TEMU
First 150 of 285 actions detected
| 0:02 | Queue | Villager (Male) |
| 0:02 | Queue | Villager (Male) |
| 0:03 | Queue | Villager (Male) |
| 0:03 | Queue | Villager (Male) |
| 0:04 | Build | House |
| 0:06 | Build | House |
| 1:40 | Queue | Villager (Male) |
| 1:41 | Queue | Villager (Male) |
| 1:59 | Queue | Villager (Male) |
| 2:00 | Queue | Villager (Male) |
| 2:10 | Build | Lumber Camp |
| 2:16 | Queue | Villager (Male) |
| 2:17 | Queue | Villager (Male) |
| 2:17 | Queue | Villager (Male) |
| 2:48 | Queue | Villager (Male) |
| 2:49 | Queue | Villager (Male) |
| 3:05 | Queue | Villager (Male) |
| 3:05 | Queue | Villager (Male) |
| 3:06 | Queue | Villager (Male) |
| 3:15 | Queue | Villager (Male) |
| 3:15 | Queue | Villager (Male) |
| 4:01 | Build | House |
| 4:20 | Queue | Villager (Male) |
| 4:20 | Queue | Villager (Male) |
| 4:20 | Queue | Villager (Male) |
| 4:20 | Queue | Villager (Male) |
| 4:37 | Build | House |
| 4:53 | Build | Mill |
| 5:05 | Queue | Villager (Male) |
| 5:06 | Queue | Villager (Male) |
| 6:04 | Queue | Villager (Male) |
| 6:05 | Research | Loom |
| 7:20 | Research | Feudal Age |
| 7:20 | Research | Feudal Age |
| 7:55 | Build | Mining Camp |
| 8:34 | Build | Barracks |
| 8:45 | Queue | Villager (Male) |
| 8:45 | Queue | Villager (Male) |
| 9:07 | Build | House |
| 9:30 | Age | Feudal Age |
| 9:40 | Build | Archery Range |
| 9:51 | Research | Double-Bit Axe |
| 9:56 | Queue | Villager (Male) |
| 9:56 | Queue | Villager (Male) |
| 10:26 | Build | Mill |
| 10:40 | Queue | Archer |
| 10:40 | Queue | Archer |
| 10:40 | Queue | Archer |
| 10:58 | Queue | Villager (Male) |
| 10:58 | Queue | Villager (Male) |
| 11:10 | Build | House |
| 11:14 | Build | Blacksmith |
| 11:19 | Queue | Villager (Male) |
| 11:20 | Queue | Villager (Male) |
| 11:42 | Build | Archery Range |
| 11:49 | Build | House |
| 11:55 | Queue | Villager (Male) |
| 11:55 | Queue | Villager (Male) |
| 12:20 | Build | Farm |
| 12:21 | Build | Farm |
| 12:22 | Build | Farm |
| 12:23 | Queue | Archer |
| 12:23 | Queue | Archer |
| 12:27 | Queue | Archer |
| 12:27 | Queue | Archer |
| 13:00 | Queue | Archer |
| 13:00 | Queue | Archer |
| 13:18 | Research | Fletching |
| 13:22 | Queue | Villager (Male) |
| 13:22 | Queue | Villager (Male) |
| 13:23 | Queue | Villager (Male) |
| 13:25 | Build | Farm |
| 13:27 | Build | Farm |
| 13:28 | Build | Farm |
| 13:37 | Build | Farm |
| 13:41 | Build | Farm |
| 13:48 | Queue | Archer |
| 13:48 | Queue | Archer |
| 13:58 | Build | Palisade Gate |
| 14:01 | Build | Palisade Wall |
| 14:09 | Queue | Villager (Male) |
| 14:10 | Queue | Villager (Male) |
| 14:10 | Queue | Villager (Male) |
| 14:36 | Build | House |
| 14:37 | Build | House |
| 14:46 | Build | House |
| 14:58 | Build | House |
| 14:59 | Build | House |
| 15:01 | Build | House |
| 15:07 | Queue | Villager (Male) |
| 15:07 | Queue | Villager (Male) |
| 15:07 | Queue | Villager (Male) |
| 15:14 | Queue | Archer |
| 15:14 | Queue | Archer |
| 15:14 | Queue | Archer |
| 15:33 | Build | Palisade Gate |
| 15:36 | Build | Palisade Wall |
| 15:45 | Build | Palisade Wall |
| 15:50 | Queue | Archer |
| 15:50 | Queue | Archer |
| 16:19 | Build | Farm |
| 16:21 | Build | Farm |
| 16:22 | Build | Farm |
| 16:24 | Queue | Villager (Male) |
| 16:24 | Queue | Villager (Male) |
| 16:24 | Queue | Villager (Male) |
| 16:24 | Queue | Villager (Male) |
| 16:42 | Queue | Archer |
| 16:42 | Queue | Archer |
| 16:42 | Queue | Archer |
| 16:42 | Queue | Archer |
| 16:53 | Build | Farm |
| 16:56 | Queue | Villager (Male) |
| 16:56 | Queue | Villager (Male) |
| 18:03 | Build | Palisade Gate |
| 18:35 | Queue | Archer |
| 18:35 | Queue | Archer |
| 18:36 | Queue | Archer |
| 18:36 | Queue | Archer |
| 18:36 | Queue | Archer |
| 18:45 | Queue | Villager (Male) |
| 18:46 | Queue | Villager (Male) |
| 18:46 | Queue | Villager (Male) |
| 18:54 | Queue | Archer |
| 18:54 | Queue | Archer |
| 18:55 | Queue | Archer |
| 19:10 | Build | Archery Range |
| 19:13 | Build | Palisade Gate |
| 19:14 | Build | Palisade Wall |
| 19:28 | Build | Farm |
| 19:29 | Build | Farm |
| 19:41 | Research | Padded Archer Armor |
| 19:44 | Build | House |
| 19:46 | Build | House |
| 19:48 | Build | House |
| 19:54 | Queue | Archer |
| 19:54 | Queue | Archer |
| 19:54 | Queue | Archer |
| 19:55 | Queue | Archer |
| 19:55 | Queue | Archer |
| 20:12 | Queue | Villager (Male) |
| 20:12 | Queue | Villager (Male) |
| 20:18 | Research | Wheelbarrow |
| 20:27 | Build | Palisade Gate |
| 21:10 | Queue | Villager (Male) |
| 21:10 | Queue | Villager (Male) |
| 21:14 | Build | Market |
| 21:39 | Queue | Archer |
| 21:39 | Queue | Archer |
| 21:40 | Queue | Archer |
Build order — LMG_Leonardo
First 150 of 257 actions detected
| 0:01 | Queue | Villager (Male) |
| 0:01 | Queue | Villager (Male) |
| 0:01 | Queue | Villager (Male) |
| 0:01 | Queue | Villager (Male) |
| 0:03 | Build | House |
| 0:05 | Build | House |
| 1:23 | Queue | Villager (Male) |
| 1:23 | Queue | Villager (Male) |
| 2:09 | Queue | Villager (Male) |
| 2:10 | Queue | Villager (Male) |
| 2:12 | Build | Lumber Camp |
| 2:23 | Queue | Villager (Male) |
| 2:23 | Queue | Villager (Male) |
| 2:52 | Queue | Villager (Male) |
| 2:52 | Queue | Villager (Male) |
| 3:13 | Build | House |
| 3:18 | Queue | Villager (Male) |
| 3:19 | Queue | Villager (Male) |
| 3:19 | Queue | Villager (Male) |
| 4:07 | Queue | Villager (Male) |
| 4:07 | Queue | Villager (Male) |
| 4:08 | Queue | Villager (Male) |
| 4:08 | Queue | Villager (Male) |
| 4:46 | Build | Mill |
| 5:04 | Queue | Villager (Male) |
| 5:04 | Queue | Villager (Male) |
| 5:44 | Research | Loom |
| 6:39 | Queue | Villager (Male) |
| 7:09 | Queue | Villager (Male) |
| 7:20 | Research | Feudal Age |
| 7:20 | Research | Feudal Age |
| 7:29 | Build | House |
| 7:56 | Build | Barracks |
| 8:38 | Queue | Villager (Male) |
| 8:38 | Queue | Villager (Male) |
| 8:47 | Build | House |
| 9:21 | Build | House |
| 9:30 | Age | Feudal Age |
| 9:31 | Build | Stable |
| 9:37 | Build | Palisade Wall |
| 9:38 | Build | Palisade Wall |
| 9:40 | Queue | Villager (Male) |
| 9:50 | Build | Palisade Wall |
| 9:56 | Queue | Villager (Male) |
| 10:06 | Build | Mill |
| 10:21 | Queue | Scout Cavalry |
| 10:22 | Queue | Scout Cavalry |
| 10:22 | Queue | Scout Cavalry |
| 10:25 | Queue | Spearman |
| 10:35 | Build | Palisade Wall |
| 10:40 | Build | Palisade Wall |
| 10:42 | Build | Palisade Wall |
| 10:57 | Queue | Villager (Male) |
| 11:03 | Build | Farm |
| 11:05 | Build | Farm |
| 11:08 | Queue | Villager (Male) |
| 11:08 | Queue | Villager (Male) |
| 11:39 | Queue | Villager (Male) |
| 11:43 | Build | Farm |
| 11:48 | Build | House |
| 11:52 | Build | House |
| 11:55 | Queue | Villager (Male) |
| 11:57 | Queue | Scout Cavalry |
| 11:57 | Queue | Scout Cavalry |
| 12:00 | Build | Farm |
| 12:16 | Build | Farm |
| 12:18 | Queue | Villager (Male) |
| 12:42 | Queue | Villager (Male) |
| 12:50 | Build | Blacksmith |
| 12:53 | Build | Palisade Wall |
| 13:07 | Queue | Villager (Male) |
| 13:07 | Queue | Villager (Male) |
| 13:11 | Queue | Villager (Male) |
| 13:11 | Queue | Villager (Male) |
| 13:16 | Queue | Scout Cavalry |
| 13:16 | Queue | Scout Cavalry |
| 13:29 | Build | Farm |
| 13:32 | Build | Farm |
| 13:42 | Build | Palisade Wall |
| 13:52 | Queue | Villager (Male) |
| 13:52 | Queue | Villager (Male) |
| 14:06 | Build | Mining Camp |
| 14:16 | Queue | Spearman |
| 14:23 | Queue | Villager (Male) |
| 14:27 | Research | Scale Barding Armor |
| 14:39 | Build | Palisade Gate |
| 14:47 | Queue | Villager (Male) |
| 14:47 | Queue | Villager (Male) |
| 14:50 | Build | Farm |
| 14:54 | Build | Farm |
| 15:11 | Build | Farm |
| 15:34 | Queue | Villager (Male) |
| 15:34 | Queue | Villager (Male) |
| 15:39 | Build | House |
| 15:40 | Build | House |
| 15:42 | Research | Horse Collar |
| 15:57 | Queue | Villager (Male) |
| 16:28 | Research | Bloodlines |
| 16:36 | Queue | Villager (Male) |
| 16:38 | Build | Farm |
| 16:39 | Build | Farm |
| 16:39 | Build | Farm |
| 17:20 | Queue | Villager (Male) |
| 17:20 | Queue | Villager (Male) |
| 17:56 | Build | Stable |
| 18:02 | Queue | Villager (Male) |
| 18:02 | Queue | Villager (Male) |
| 18:24 | Queue | Spearman |
| 18:24 | Queue | Spearman |
| 18:29 | Queue | Scout Cavalry |
| 18:29 | Queue | Scout Cavalry |
| 18:30 | Queue | Scout Cavalry |
| 18:30 | Queue | Scout Cavalry |
| 18:52 | Build | Farm |
| 18:56 | Build | Farm |
| 19:12 | Queue | Scout Cavalry |
| 19:14 | Queue | Scout Cavalry |
| 19:14 | Queue | Scout Cavalry |
| 19:14 | Queue | Scout Cavalry |
| 19:14 | Queue | Scout Cavalry |
| 19:16 | Queue | Villager (Male) |
| 19:16 | Queue | Villager (Male) |
| 19:44 | Queue | Scout Cavalry |
| 19:44 | Queue | Scout Cavalry |
| 19:59 | Queue | Villager (Male) |
| 19:59 | Queue | Villager (Male) |
| 20:06 | Build | Farm |
| 20:06 | Build | Farm |
| 20:06 | Build | Farm |
| 20:06 | Build | Farm |
| 20:07 | Build | Farm |
| 20:07 | Build | Farm |
| 20:12 | Build | House |
| 20:31 | Queue | Villager (Male) |
| 20:33 | Build | House |
| 20:40 | Research | Wheelbarrow |
| 20:51 | Queue | Spearman |
| 20:51 | Queue | Spearman |
| 21:11 | Build | Palisade Wall |
| 21:18 | Queue | Villager (Male) |
| 21:19 | Queue | Villager (Male) |
| 21:48 | Queue | Scout Cavalry |
| 21:48 | Queue | Scout Cavalry |
| 21:48 | Queue | Scout Cavalry |
| 21:59 | Build | Farm |
| 21:59 | Build | Farm |
| 21:59 | Build | Farm |
| 22:14 | Queue | Scout Cavalry |
| 22:14 | Queue | Scout Cavalry |
| 22:14 | Queue | Scout Cavalry |
Build order — Yukasha
First 150 of 314 actions detected
| 0:03 | Queue | Villager (Male) ×4 |
| 0:03 | Queue | Villager (Male) ×4 |
| 0:05 | Build | House |
| 0:07 | Build | House |
| 1:26 | Queue | Villager (Male) |
| 2:01 | Queue | Villager (Male) |
| 2:01 | Queue | Villager (Male) |
| 2:23 | Queue | Villager (Male) |
| 2:27 | Build | Lumber Camp |
| 2:43 | Build | Lumber Camp |
| 2:51 | Queue | Villager (Male) |
| 3:12 | Queue | Villager (Male) |
| 3:34 | Queue | Villager (Male) |
| 3:41 | Build | House |
| 4:00 | Queue | Villager (Male) |
| 4:00 | Queue | Villager (Male) |
| 4:28 | Queue | Villager (Male) |
| 4:46 | Queue | Villager (Male) |
| 5:03 | Build | Mill |
| 5:25 | Queue | Villager (Male) |
| 5:56 | Research | Loom |
| 6:49 | Research | Feudal Age |
| 6:49 | Research | Feudal Age |
| 7:24 | Queue | Villager (Male) |
| 7:50 | Build | House |
| 7:52 | Build | Barracks |
| 8:59 | Age | Feudal Age |
| 9:00 | Build | Stable |
| 9:04 | Research | Double-Bit Axe |
| 9:11 | Queue | Villager (Male) |
| 9:16 | Queue | Spearman |
| 9:37 | Queue | Villager (Male) |
| 9:40 | Queue | Scout Cavalry |
| 9:46 | Queue | Villager (Male) |
| 9:48 | Build | Farm |
| 10:01 | Build | Mill |
| 10:02 | Queue | Villager (Male) |
| 10:09 | Build | House |
| 10:24 | Build | Farm |
| 10:26 | Build | Farm |
| 10:40 | Queue | Scout Cavalry |
| 10:44 | Build | House |
| 10:53 | Build | Farm |
| 11:07 | Queue | Spearman |
| 11:12 | Queue | Villager (Male) |
| 11:21 | Queue | Villager (Male) |
| 11:28 | Build | Palisade Wall |
| 11:30 | Build | Palisade Wall |
| 11:44 | Queue | Villager (Male) |
| 11:46 | Build | Farm |
| 11:48 | Build | Farm |
| 12:03 | Queue | Scout Cavalry |
| 12:13 | Build | Farm |
| 12:19 | Queue | Villager (Male) |
| 12:31 | Queue | Villager (Male) |
| 12:38 | Build | House |
| 12:44 | Queue | Scout Cavalry |
| 12:49 | Build | Farm |
| 12:58 | Build | House |
| 12:59 | Queue | Villager (Male) |
| 13:09 | Build | House |
| 13:10 | Queue | Villager (Male) |
| 13:13 | Queue | Scout Cavalry |
| 13:24 | Build | Farm |
| 13:29 | Queue | Villager (Male) |
| 13:33 | Build | Palisade Wall |
| 13:46 | Research | Horse Collar |
| 13:52 | Queue | Scout Cavalry |
| 13:55 | Queue | Villager (Male) |
| 14:11 | Build | Palisade Wall |
| 14:12 | Queue | Villager (Male) |
| 14:15 | Queue | Scout Cavalry |
| 14:20 | Build | House |
| 14:31 | Build | Farm |
| 14:35 | Queue | Scout Cavalry |
| 14:43 | Build | Farm |
| 14:44 | Queue | Villager (Male) |
| 14:51 | Build | Palisade Wall |
| 14:59 | Queue | Scout Cavalry |
| 15:11 | Queue | Villager (Male) |
| 15:17 | Build | Blacksmith |
| 15:17 | Queue | Villager (Male) |
| 15:19 | Queue | Scout Cavalry |
| 15:29 | Build | Farm |
| 15:46 | Build | House |
| 15:49 | Queue | Villager (Male) |
| 16:09 | Research | Scale Barding Armor |
| 16:10 | Queue | Villager (Male) |
| 16:17 | Queue | Scout Cavalry |
| 16:19 | Build | Farm |
| 16:20 | Build | Farm |
| 16:22 | Queue | Villager (Male) |
| 16:34 | Build | Lumber Camp |
| 16:34 | Queue | Villager (Male) |
| 16:41 | Build | Palisade Wall |
| 16:51 | Queue | Villager (Male) |
| 16:59 | Build | Palisade Gate |
| 17:01 | Build | Palisade Wall |
| 17:12 | Build | House |
| 17:13 | Build | House |
| 17:14 | Build | House |
| 17:15 | Build | House |
| 17:16 | Build | House |
| 17:18 | Build | Palisade Wall |
| 17:27 | Build | House |
| 17:28 | Queue | Villager (Male) |
| 17:29 | Queue | Scout Cavalry |
| 17:38 | Queue | Villager (Male) |
| 17:52 | Build | House |
| 18:03 | Build | House |
| 18:12 | Build | Farm |
| 18:15 | Build | Farm |
| 18:17 | Build | Farm |
| 18:18 | Queue | Villager (Male) |
| 18:20 | Build | Farm |
| 18:23 | Build | Farm |
| 18:24 | Queue | Villager (Male) |
| 18:36 | Build | House |
| 18:37 | Queue | Villager (Male) |
| 18:43 | Build | Palisade Wall |
| 18:45 | Build | Palisade Wall |
| 18:54 | Build | Farm |
| 18:57 | Queue | Villager (Male) |
| 19:02 | Build | Farm |
| 19:02 | Build | Farm |
| 19:02 | Build | Farm |
| 19:02 | Build | Farm |
| 19:03 | Build | Farm |
| 19:03 | Build | Farm |
| 19:04 | Queue | Villager (Male) |
| 19:16 | Build | Palisade Gate |
| 19:20 | Build | House |
| 19:28 | Build | Mining Camp |
| 19:30 | Queue | Villager (Male) |
| 19:58 | Build | House |
| 19:59 | Build | Palisade Wall |
| 20:00 | Build | Palisade Wall |
| 20:06 | Queue | Villager (Male) |
| 20:11 | Build | Mining Camp |
| 21:16 | Research | Castle Age |
| 21:36 | Research | Gold Mining |
| 21:36 | Research | Stone Mining |
| 22:11 | Build | Lumber Camp |
| 22:40 | Queue | Villager (Male) |
| 22:53 | Build | Market |
| 23:34 | Build | Archery Range |
| 23:36 | Build | Archery Range |
| 23:42 | Build | Archery Range |
| 23:53 | Build | Lumber Camp |
| 23:59 | Age | Castle Age |
Build order — LMG_SON SABANDIJAS
First 150 of 285 actions detected
| 0:00 | Queue | Villager (Male) |
| 0:01 | Queue | Villager (Male) |
| 0:01 | Queue | Villager (Male) |
| 0:03 | Build | House |
| 0:04 | Build | House |
| 0:13 | Queue | Villager (Male) |
| 0:14 | Queue | Villager (Male) |
| 1:26 | Queue | Villager (Male) |
| 1:26 | Queue | Villager (Male) |
| 1:27 | Queue | Villager (Male) |
| 2:02 | Build | Mill |
| 2:04 | Queue | Villager (Male) |
| 2:04 | Queue | Villager (Male) |
| 2:04 | Queue | Villager (Male) |
| 2:36 | Queue | Villager (Male) |
| 2:37 | Queue | Villager (Male) |
| 2:46 | Queue | Villager (Male) |
| 2:46 | Queue | Villager (Male) |
| 3:09 | Queue | Villager (Male) |
| 3:10 | Queue | Villager (Male) |
| 3:41 | Queue | Villager (Male) |
| 3:41 | Queue | Villager (Male) |
| 3:53 | Build | House |
| 4:03 | Queue | Villager (Male) |
| 4:03 | Queue | Villager (Male) |
| 4:37 | Queue | Villager (Male) |
| 4:37 | Queue | Villager (Male) |
| 4:47 | Queue | Villager (Male) |
| 4:47 | Queue | Villager (Male) |
| 5:02 | Queue | Villager (Male) |
| 5:02 | Queue | Villager (Male) |
| 5:02 | Queue | Villager (Male) |
| 5:20 | Queue | Villager (Male) |
| 5:20 | Queue | Villager (Male) |
| 5:34 | Build | Lumber Camp |
| 6:25 | Research | Loom |
| 6:57 | Research | Feudal Age |
| 7:16 | Build | House |
| 7:51 | Queue | Villager (Male) |
| 7:51 | Queue | Villager (Male) |
| 7:56 | Build | Palisade Gate |
| 8:11 | Build | Barracks |
| 8:33 | Queue | Villager (Male) |
| 9:02 | Build | House |
| 9:22 | Age | Feudal Age |
| 9:28 | Build | Stable |
| 9:33 | Build | Palisade Wall |
| 10:18 | Build | Mill |
| 10:28 | Queue | Villager (Male) |
| 10:29 | Queue | Villager (Male) |
| 10:30 | Queue | Scout Cavalry |
| 10:31 | Queue | Scout Cavalry |
| 10:31 | Queue | Scout Cavalry |
| 10:31 | Queue | Scout Cavalry |
| 10:38 | Build | House |
| 10:40 | Build | Palisade Wall |
| 10:42 | Build | Palisade Wall |
| 10:43 | Build | Palisade Wall |
| 10:49 | Build | Palisade Wall |
| 10:58 | Build | House |
| 11:09 | Build | Farm |
| 11:10 | Queue | Villager (Male) |
| 11:16 | Build | Palisade Wall |
| 11:19 | Queue | Villager (Male) |
| 11:19 | Queue | Villager (Male) |
| 11:20 | Queue | Villager (Male) |
| 11:30 | Research | Double-Bit Axe |
| 11:31 | Research | Double-Bit Axe |
| 11:54 | Build | Farm |
| 12:02 | Build | Palisade Wall |
| 12:07 | Build | Palisade Wall |
| 12:10 | Queue | Villager (Male) |
| 12:10 | Queue | Villager (Male) |
| 12:15 | Build | Farm |
| 12:19 | Build | Farm |
| 12:28 | Build | House |
| 12:36 | Build | Farm |
| 12:41 | Queue | Villager (Male) |
| 12:42 | Queue | Villager (Male) |
| 12:45 | Build | Farm |
| 13:05 | Queue | Villager (Male) |
| 13:05 | Queue | Villager (Male) |
| 13:07 | Build | Farm |
| 13:12 | Build | Farm |
| 13:18 | Build | Farm |
| 13:19 | Queue | Villager (Male) |
| 13:19 | Queue | Villager (Male) |
| 13:45 | Build | House |
| 13:48 | Queue | Scout Cavalry |
| 13:48 | Queue | Scout Cavalry |
| 13:52 | Build | Farm |
| 13:54 | Build | House |
| 13:56 | Build | Palisade Wall |
| 14:01 | Build | Palisade Wall |
| 14:05 | Build | Farm |
| 14:07 | Queue | Villager (Male) |
| 14:08 | Queue | Villager (Male) |
| 14:16 | Queue | Villager (Male) |
| 14:16 | Queue | Villager (Male) |
| 14:27 | Build | Farm |
| 14:29 | Build | Farm |
| 14:42 | Build | Farm |
| 14:43 | Queue | Villager (Male) |
| 14:52 | Queue | Scout Cavalry |
| 14:54 | Queue | Villager (Male) |
| 14:54 | Queue | Villager (Male) |
| 15:09 | Queue | Villager (Male) |
| 15:21 | Build | Blacksmith |
| 15:30 | Build | Palisade Wall |
| 15:34 | Queue | Villager (Male) |
| 15:34 | Queue | Villager (Male) |
| 15:47 | Queue | Villager (Male) |
| 15:47 | Queue | Villager (Male) |
| 15:54 | Build | Farm |
| 16:05 | Queue | Scout Cavalry |
| 16:18 | Research | Forging |
| 16:28 | Queue | Scout Cavalry |
| 16:29 | Queue | Scout Cavalry |
| 16:36 | Build | Farm |
| 16:37 | Queue | Villager (Male) |
| 16:40 | Queue | Villager (Male) |
| 16:42 | Build | Mining Camp |
| 16:46 | Build | Farm |
| 16:55 | Queue | Scout Cavalry |
| 17:16 | Queue | Scout Cavalry |
| 17:16 | Queue | Scout Cavalry |
| 17:34 | Queue | Scout Cavalry |
| 17:39 | Build | Farm |
| 17:39 | Build | Farm |
| 17:39 | Build | Farm |
| 17:40 | Queue | Villager (Male) |
| 17:40 | Queue | Villager (Male) |
| 18:03 | Research | Scale Barding Armor |
| 18:05 | Queue | Villager (Male) |
| 18:05 | Queue | Villager (Male) |
| 18:26 | Queue | Scout Cavalry |
| 18:26 | Queue | Scout Cavalry |
| 18:48 | Queue | Villager (Male) |
| 18:48 | Queue | Villager (Male) |
| 18:48 | Queue | Villager (Male) |
| 18:50 | Build | Farm |
| 18:50 | Build | Farm |
| 18:50 | Build | Farm |
| 18:50 | Queue | Villager (Male) |
| 18:51 | Queue | Villager (Male) |
| 19:15 | Queue | Scout Cavalry |
| 19:16 | Queue | Scout Cavalry |
| 19:24 | Queue | Villager (Male) |
| 19:24 | Queue | Villager (Male) |
| 19:32 | Build | Stable |
Build order — Slowthinker
First 150 of 355 actions detected
| 0:00 | Queue | Villager (Male) |
| 0:00 | Queue | Villager (Male) |
| 0:00 | Queue | Villager (Male) |
| 0:02 | Build | House |
| 0:04 | Build | House |
| 0:16 | Queue | Villager (Male) |
| 0:16 | Queue | Villager (Male) |
| 0:28 | Queue | Villager (Male) |
| 1:28 | Queue | Villager (Male) |
| 1:47 | Build | Lumber Camp |
| 1:58 | Queue | Villager (Male) |
| 2:16 | Queue | Villager (Male) |
| 2:46 | Queue | Villager (Male) |
| 3:35 | Queue | Villager (Male) |
| 3:50 | Build | House |
| 4:07 | Queue | Villager (Male) |
| 4:29 | Queue | Villager (Male) |
| 4:31 | Build | Mill |
| 4:57 | Queue | Villager (Male) |
| 5:19 | Queue | Villager (Male) |
| 5:44 | Queue | Villager (Male) |
| 6:03 | Queue | Villager (Male) |
| 6:13 | Research | Loom |
| 6:40 | Research | Feudal Age |
| 6:42 | Build | Mill |
| 7:57 | Build | House |
| 7:59 | Build | Barracks |
| 8:28 | Build | Palisade Wall |
| 8:30 | Build | Palisade Wall |
| 9:15 | Age | Feudal Age |
| 9:18 | Queue | Villager (Male) |
| 9:18 | Queue | Villager (Male) |
| 9:23 | Build | Stable |
| 9:36 | Research | Double-Bit Axe |
| 9:49 | Build | House |
| 10:02 | Queue | Villager (Male) |
| 10:07 | Build | Farm |
| 10:09 | Queue | Villager (Male) |
| 10:11 | Queue | Scout Cavalry |
| 10:19 | Build | House |
| 10:23 | Queue | Villager (Male) |
| 10:29 | Build | Farm |
| 10:35 | Build | Palisade Wall |
| 10:37 | Build | House |
| 10:38 | Queue | Scout Cavalry |
| 10:47 | Build | Farm |
| 10:48 | Queue | Villager (Male) |
| 10:56 | Build | Palisade Wall |
| 11:00 | Build | Palisade Wall |
| 11:02 | Queue | Scout Cavalry |
| 11:08 | Build | Palisade Wall |
| 11:15 | Research | Horse Collar |
| 11:32 | Queue | Villager (Male) |
| 11:33 | Queue | Scout Cavalry |
| 11:38 | Build | Farm |
| 11:42 | Build | Farm |
| 11:45 | Build | House |
| 11:48 | Build | Palisade Wall |
| 11:51 | Queue | Villager (Male) |
| 12:16 | Queue | Scout Cavalry |
| 12:20 | Build | Farm |
| 12:23 | Build | Farm |
| 12:25 | Queue | Scout Cavalry |
| 12:38 | Queue | Villager (Male) |
| 12:53 | Build | Farm |
| 12:58 | Build | Farm |
| 12:59 | Build | House |
| 13:02 | Build | Palisade Wall |
| 13:03 | Build | Palisade Wall |
| 13:05 | Queue | Villager (Male) |
| 13:16 | Queue | Scout Cavalry |
| 13:19 | Queue | Villager (Male) |
| 13:23 | Build | Farm |
| 13:40 | Build | Palisade Wall |
| 13:44 | Queue | Scout Cavalry |
| 13:50 | Build | Farm |
| 13:56 | Build | Farm |
| 13:57 | Queue | Villager (Male) |
| 14:10 | Build | House |
| 14:11 | Build | Palisade Wall |
| 14:13 | Queue | Villager (Male) |
| 14:16 | Build | Palisade Wall |
| 14:18 | Build | Palisade Wall |
| 14:20 | Build | Palisade Wall |
| 14:22 | Queue | Scout Cavalry |
| 14:41 | Queue | Villager (Male) |
| 14:44 | Build | Farm |
| 14:46 | Build | Farm |
| 14:54 | Build | Palisade Wall |
| 14:57 | Build | Palisade Wall |
| 15:08 | Queue | Villager (Male) |
| 15:14 | Build | Blacksmith |
| 15:17 | Build | Palisade Wall |
| 15:43 | Build | Palisade Wall |
| 15:45 | Queue | Villager (Male) |
| 15:49 | Build | Mining Camp |
| 15:58 | Research | Scale Barding Armor |
| 15:58 | Research | Scale Barding Armor |
| 16:04 | Queue | Villager (Male) |
| 16:14 | Build | House |
| 16:18 | Build | House |
| 16:21 | Queue | Villager (Male) |
| 16:34 | Queue | Villager (Male) |
| 16:46 | Research | Forging |
| 16:46 | Research | Forging |
| 17:07 | Build | House |
| 17:31 | Queue | Villager (Male) |
| 18:05 | Queue | Villager (Male) |
| 18:18 | Build | Market |
| 18:20 | Build | House |
| 18:21 | Build | House |
| 18:26 | Build | Farm |
| 18:26 | Build | Farm |
| 18:27 | Build | Farm |
| 18:28 | Build | Farm |
| 18:37 | Research | Castle Age |
| 19:22 | Build | Stable |
| 19:54 | Research | Bloodlines |
| 19:55 | Research | Bloodlines |
| 19:59 | Build | Farm |
| 20:14 | Build | Mining Camp |
| 20:40 | Research | Gold Mining |
| 21:17 | Age | Castle Age |
| 21:18 | Queue | Knight |
| 21:18 | Queue | Knight |
| 21:18 | Queue | Knight |
| 21:19 | Queue | Villager (Male) |
| 21:19 | Queue | Villager (Male) |
| 21:23 | Build | Monastery |
| 21:30 | Research | Wheelbarrow |
| 21:32 | Queue | Villager (Male) |
| 21:40 | Research | Chain Barding Armor |
| 21:40 | Research | Chain Barding Armor |
| 21:51 | Queue | Villager (Male) |
| 22:08 | Queue | Monk |
| 22:16 | Queue | Knight |
| 22:16 | Queue | Knight |
| 22:25 | Queue | Villager (Male) |
| 22:31 | Build | Town Center |
| 22:36 | Queue | Villager (Male) |
| 22:38 | Queue | Knight |
| 22:38 | Queue | Knight |
| 22:55 | Queue | Monk |
| 22:57 | Queue | Knight |
| 22:57 | Queue | Knight |
| 23:02 | Queue | Villager (Male) |
| 23:06 | Research | Bow Saw |
| 23:51 | Queue | Villager (Male) |
| 23:53 | Queue | Knight |
| 23:53 | Queue | Knight |
Build order — GorillaBear
First 150 of 272 actions detected
| 0:01 | Queue | Villager (Male) |
| 0:01 | Queue | Villager (Male) |
| 0:01 | Queue | Villager (Male) |
| 0:02 | Queue | Villager (Male) |
| 0:04 | Build | House |
| 0:05 | Build | House |
| 1:40 | Queue | Villager (Male) |
| 1:56 | Build | Lumber Camp |
| 2:26 | Queue | Villager (Male) |
| 2:26 | Queue | Villager (Male) |
| 2:26 | Queue | Villager (Male) |
| 3:14 | Queue | Villager (Male) |
| 3:14 | Queue | Villager (Male) |
| 3:47 | Queue | Villager (Male) |
| 3:48 | Queue | Villager (Male) |
| 4:18 | Queue | Villager (Male) |
| 4:34 | Build | House |
| 4:51 | Queue | Villager (Male) |
| 5:17 | Queue | Villager (Male) |
| 5:36 | Build | House |
| 5:43 | Queue | Villager (Male) |
| 6:04 | Queue | Villager (Male) |
| 6:19 | Build | Mining Camp |
| 6:41 | Research | Loom |
| 6:59 | Research | Feudal Age |
| 7:55 | Build | Mill |
| 8:04 | Queue | Villager (Male) |
| 8:05 | Queue | Villager (Male) |
| 8:39 | Build | Barracks |
| 8:49 | Queue | Villager (Male) |
| 9:04 | Build | House |
| 9:06 | Build | House |
| 9:19 | Age | Feudal Age |
| 9:35 | Build | Archery Range |
| 10:16 | Build | House |
| 10:25 | Queue | Villager (Male) |
| 10:33 | Build | House |
| 10:35 | Queue | Militia |
| 10:59 | Build | Archery Range |
| 11:02 | Queue | Villager (Male) |
| 11:03 | Queue | Villager (Male) |
| 11:06 | Research | Double-Bit Axe |
| 11:07 | Research | Double-Bit Axe |
| 11:11 | Build | House |
| 11:37 | Queue | Archer |
| 11:37 | Queue | Archer |
| 11:38 | Queue | Archer |
| 11:38 | Queue | Archer |
| 11:47 | Queue | Villager (Male) |
| 11:56 | Queue | Archer |
| 11:56 | Queue | Archer |
| 11:56 | Queue | Archer |
| 12:07 | Build | Blacksmith |
| 12:09 | Build | House |
| 12:23 | Queue | Villager (Male) |
| 12:25 | Queue | Archer |
| 12:25 | Queue | Archer |
| 12:34 | Build | Farm |
| 12:36 | Build | Farm |
| 12:48 | Queue | Archer |
| 12:56 | Queue | Villager (Male) |
| 13:02 | Build | House |
| 13:03 | Build | Palisade Wall |
| 13:09 | Queue | Villager (Male) |
| 13:15 | Build | House |
| 13:20 | Build | Palisade Wall |
| 13:41 | Queue | Villager (Male) |
| 13:42 | Build | Mill |
| 13:53 | Build | House |
| 13:55 | Research | Fletching |
| 14:05 | Queue | Villager (Male) |
| 14:10 | Build | Lumber Camp |
| 14:45 | Build | House |
| 14:46 | Build | Palisade Wall |
| 14:48 | Queue | Archer |
| 14:48 | Queue | Archer |
| 14:55 | Queue | Villager (Male) |
| 15:01 | Build | House |
| 15:15 | Build | Farm |
| 15:17 | Build | Farm |
| 15:18 | Queue | Villager (Male) |
| 15:18 | Queue | Villager (Male) |
| 15:19 | Queue | Archer |
| 15:26 | Queue | Villager (Male) |
| 15:38 | Build | Farm |
| 15:41 | Build | Farm |
| 15:46 | Queue | Villager (Male) |
| 15:51 | Build | Farm |
| 16:05 | Queue | Villager (Male) |
| 16:13 | Build | House |
| 16:14 | Build | Palisade Wall |
| 16:17 | Queue | Archer |
| 16:18 | Queue | Archer |
| 16:37 | Research | Padded Archer Armor |
| 16:39 | Queue | Archer |
| 16:40 | Queue | Archer |
| 17:05 | Queue | Villager (Male) |
| 17:05 | Queue | Villager (Male) |
| 17:16 | Queue | Archer |
| 17:17 | Queue | Archer |
| 17:31 | Queue | Archer |
| 17:59 | Queue | Villager (Male) ×4 |
| 18:01 | Queue | Archer |
| 18:01 | Queue | Archer |
| 18:16 | Build | Market |
| 18:19 | Build | Palisade Wall |
| 18:21 | Queue | Villager (Male) |
| 18:23 | Build | Farm |
| 18:27 | Build | Farm |
| 18:29 | Build | Farm |
| 18:30 | Queue | Villager (Male) |
| 18:41 | Queue | Archer |
| 18:41 | Queue | Archer |
| 19:33 | Build | House |
| 19:35 | Build | Palisade Wall |
| 19:53 | Build | Farm |
| 20:06 | Research | Castle Age |
| 20:09 | Queue | Archer |
| 20:09 | Queue | Archer |
| 20:17 | Queue | Archer |
| 20:17 | Queue | Archer |
| 20:26 | Build | House |
| 20:32 | Build | Palisade Wall |
| 20:38 | Research | Horse Collar |
| 20:40 | Queue | Archer |
| 21:08 | Queue | Archer |
| 21:08 | Queue | Archer |
| 21:22 | Queue | Archer |
| 21:25 | Queue | Archer |
| 21:30 | Research | Gold Mining |
| 21:57 | Queue | Archer |
| 21:57 | Queue | Archer |
| 22:32 | Build | Farm |
| 22:46 | Queue | Archer |
| 22:46 | Age | Castle Age |
| 22:47 | Queue | Archer |
| 22:49 | Research | Crossbowman (upgrade) |
| 22:54 | Research | Crossbowman (upgrade) |
| 22:58 | Queue | Villager (Male) |
| 23:00 | Research | Bodkin Arrow |
| 23:02 | Research | Leather Archer Armor |
| 23:02 | Research | Leather Archer Armor |
| 23:04 | Queue | Archer |
| 23:11 | Build | University |
| 23:15 | Queue | Archer |
| 23:17 | Queue | Villager (Male) |
| 23:24 | Queue | Archer |
| 23:34 | Queue | Villager (Male) |
| 23:49 | Queue | Archer |
| 23:49 | Queue | Archer |
Match timeline
| 7:52 | Yukasha · first_building Barracks |
| 7:56 | LMG_Leonardo · first_building Barracks |
| 7:59 | Slowthinker · first_building Barracks |
| 8:11 | LMG_SON SABANDIJAS · first_building Barracks |
| 8:28 | Slowthinker · wall_segment Palisade Wall x1 |
| 8:30 | Slowthinker · wall_segment Palisade Wall x1 |
| 8:34 | LMG_HERA DE TEMU · first_building Barracks |
| 8:39 | GorillaBear · first_building Barracks |
| 8:59 | Yukasha · age_up feudal |
| 9:00 | Yukasha · first_building Stable |
| 9:15 | Slowthinker · age_up feudal |
| 9:19 | GorillaBear · age_up feudal |
| 9:22 | LMG_SON SABANDIJAS · age_up feudal |
| 9:23 | Slowthinker · first_building Stable |
| 9:28 | LMG_SON SABANDIJAS · first_building Stable |
| 9:30 | LMG_HERA DE TEMU · age_up feudal |
| 9:30 | LMG_Leonardo · age_up feudal |
| 9:31 | LMG_Leonardo · first_building Stable |
| 9:33 | LMG_SON SABANDIJAS · wall_segment Palisade Wall x1 |
| 9:35 | GorillaBear · first_building Archery Range |
| 9:37 | LMG_Leonardo · wall_segment Palisade Wall x1 |
| 9:38 | LMG_Leonardo · wall_segment Palisade Wall x2 |
| 9:40 | LMG_HERA DE TEMU · first_building Archery Range |
| 9:50 | LMG_Leonardo · wall_segment Palisade Wall x6 |
| 10:35 | LMG_Leonardo · wall_segment Palisade Wall x6 |
| 10:35 | Slowthinker · wall_segment Palisade Wall x1 |
| 10:40 | LMG_SON SABANDIJAS · wall_segment Palisade Wall x1 |
| 10:40 | LMG_Leonardo · wall_segment Palisade Wall x6 |
| 10:42 | LMG_SON SABANDIJAS · wall_segment Palisade Wall x3 |
| 10:42 | LMG_Leonardo · wall_segment Palisade Wall x17 |
| 10:43 | LMG_SON SABANDIJAS · wall_segment Palisade Wall x1 |
| 10:49 | LMG_SON SABANDIJAS · wall_segment Palisade Wall x9 |
| 10:56 | Slowthinker · wall_segment Palisade Wall x4 |
| 11:00 | Slowthinker · wall_segment Palisade Wall x6 |
| 11:08 | Slowthinker · wall_segment Palisade Wall x3 |
| 11:16 | LMG_SON SABANDIJAS · wall_segment Palisade Wall x6 |
| 11:28 | Yukasha · wall_segment Palisade Wall x1 |
| 11:30 | Yukasha · wall_segment Palisade Wall x7 |
| 11:48 | Slowthinker · wall_segment Palisade Wall x4 |
| 12:02 | LMG_SON SABANDIJAS · wall_segment Palisade Wall x2 |
| 12:07 | LMG_SON SABANDIJAS · wall_segment Palisade Wall x7 |
| 12:53 | LMG_Leonardo · wall_segment Palisade Wall x20 |
| 13:02 | Slowthinker · wall_segment Palisade Wall x2 |
| 13:03 | GorillaBear · wall_segment Palisade Wall x1 |
| 13:03 | Slowthinker · wall_segment Palisade Wall x4 |
| 13:20 | GorillaBear · wall_segment Palisade Wall x3 |
| 13:33 | Yukasha · wall_segment Palisade Wall x3 |
| 13:40 | Slowthinker · wall_segment Palisade Wall x3 |
| 13:42 | LMG_Leonardo · wall_segment Palisade Wall x6 |
| 13:56 | LMG_SON SABANDIJAS · wall_segment Palisade Wall x9 |
| 14:01 | LMG_SON SABANDIJAS · wall_segment Palisade Wall x10 |
| 14:01 | LMG_HERA DE TEMU · wall_segment Palisade Wall x6 |
| 14:11 | Yukasha · wall_segment Palisade Wall x4 |
| 14:11 | Slowthinker · wall_segment Palisade Wall x2 |
| 14:16 | Slowthinker · wall_segment Palisade Wall x1 |
| 14:18 | Slowthinker · wall_segment Palisade Wall x1 |
| 14:20 | Slowthinker · wall_segment Palisade Wall x2 |
| 14:46 | GorillaBear · wall_segment Palisade Wall x6 |
| 14:51 | Yukasha · wall_segment Palisade Wall x4 |
| 14:54 | Slowthinker · wall_segment Palisade Wall x6 |
| 14:57 | Slowthinker · wall_segment Palisade Wall x1 |
| 15:17 | Slowthinker · wall_segment Palisade Wall x1 |
| 15:30 | LMG_SON SABANDIJAS · wall_segment Palisade Wall x10 |
| 15:36 | LMG_HERA DE TEMU · wall_segment Palisade Wall x9 |
| 15:43 | Slowthinker · wall_segment Palisade Wall x5 |
| 15:45 | LMG_HERA DE TEMU · wall_segment Palisade Wall x15 |
| 16:14 | GorillaBear · wall_segment Palisade Wall x5 |
| 16:41 | Yukasha · wall_segment Palisade Wall x4 |
| 17:01 | Yukasha · wall_segment Palisade Wall x1 |
| 17:18 | Yukasha · wall_segment Palisade Wall x1 |
| 18:19 | GorillaBear · wall_segment Palisade Wall x16 |
| 18:43 | Yukasha · wall_segment Palisade Wall x1 |
| 18:45 | Yukasha · wall_segment Palisade Wall x1 |
| 19:14 | LMG_HERA DE TEMU · wall_segment Palisade Wall x5 |
| 19:35 | GorillaBear · wall_segment Palisade Wall x11 |
| 19:59 | Yukasha · wall_segment Palisade Wall x7 |
| 20:00 | GorillaBear · first_market_sell 100 wood |
| 20:00 | Yukasha · wall_segment Palisade Wall x13 |
| 20:03 | GorillaBear · first_market_buy 100 food |
| 20:32 | GorillaBear · wall_segment Palisade Wall x13 |
| 21:11 | LMG_Leonardo · wall_segment Palisade Wall x1 |
| 21:17 | Slowthinker · age_up castle |
| 21:23 | Slowthinker · first_building Monastery |
| 22:06 | LMG_HERA DE TEMU · first_market_buy 100 food |
| 22:46 | GorillaBear · age_up castle |
| 23:34 | Yukasha · first_building Archery Range |
| 23:38 | Yukasha · first_market_buy 100 wood |
| 23:59 | Yukasha · age_up castle |
| 24:04 | LMG_SON SABANDIJAS · age_up castle |
| 24:48 | LMG_HERA DE TEMU · age_up castle |
| 24:58 | LMG_HERA DE TEMU · first_market_sell 100 wood |
| 25:41 | Yukasha · first_market_sell 100 wood |
| 25:47 | LMG_Leonardo · wall_segment Palisade Wall x1 |
| 25:50 | LMG_Leonardo · wall_segment Palisade Wall x1 |
| 25:51 | LMG_Leonardo · wall_segment Palisade Wall x1 |
| 25:53 | LMG_Leonardo · wall_segment Palisade Wall x1 |
| 25:53 | LMG_Leonardo · wall_segment Palisade Wall x1 |
| 25:54 | LMG_Leonardo · wall_segment Palisade Wall x1 |
| 27:30 | LMG_Leonardo · age_up castle |
| 29:26 | LMG_SON SABANDIJAS · first_building Monastery |
| 30:09 | LMG_Leonardo · first_building Siege Workshop |
| 32:45 | LMG_Leonardo · wall_segment Palisade Wall x3 |
| 33:39 | LMG_SON SABANDIJAS · resign |
| 33:52 | Slowthinker · first_market_buy 100 stone |
| 34:27 | GorillaBear · first_building Castle |
| 36:55 | Slowthinker · first_market_sell 100 wood |
[ AI ANALYSIS · 1 CREDIT ]
What really happened in this match?
Wolo.gg analyzes every decision: build order, eco, micro, common mistakes by bracket. Personalized analysis on WhatsApp or Discord in 30 seconds.
Civ guide
Vietnamese
Perfil
LMG_HERA DE TEMU